 Dungeon Crawl Stone Soup version 0.20.0-15-g7f486f2 (webtiles) character file.

23302 miragecloak the Martial Artist (level 13, -20/116 HPs)
             Began as an Octopode Transmuter on June 12, 2017.
             Was a Believer of Ashenzari.
             Demolished by a very large slime creature (64 damage)
             ... on level 12 of the Dungeon on June 14, 2017.
             The game lasted 01:01:21 (25228 turns).

miragecloak the Martial Artist (OpTm)              Turns: 25228, Time: 01:01:22

Health: -20/116    AC:  6    Str:  7 (10) XL:     13   Next: 5%
Magic:  19/19      EV: 16    Int: 12 (15) God:    Ashenzari [**....]
Gold:   788        SH:  0    Dex: 16 (17) Spells: 8/20 levels left

rFire    x . .     SeeInvis .     - Unarmed
rCold    + + +     Gourm    +   (shield currently unavailable)
rNeg     . . .     Faith    .   (helmet currently unavailable)
rPois    +         Spirit   .   t - amulet of the gourmand
rElec    .         Reflect  .   y - ring of protection from magic (curse)
rCorr    .         Harm     .   l - ring of stealth
MR       +....                  v - ring of wizardry (curse)
Stlth    +++.......             S - ring of stealth
Regen    0.3/turn               (no ring)
MPRegen  0.2/turn               (no ring)
                                (no ring)
                                (no ring)

@: about to teleport, ice-form (expiring), slowed, very slow
A: almost no armour, stealthy swim, amphibious, 8 rings, (constrict 8)
a: End Transformation, Curse Item, Scrying, Renounce Religion


You were on level 12 of the Dungeon.
You worshipped Ashenzari.
Ashenzari was pleased with you.
You were completely stuffed.
You were a creature of crystalline ice.
You visited 3 branches of the dungeon, and saw 16 of its levels.

You collected 788 gold pieces.

Inventory:

Missiles
 a - 274 arrows
Magical Staves
 B - an uncursed staff of cold (melded)
Jewellery
 l - a ring of stealth (right front paw)
 t - an amulet of the gourmand (around neck)
 v - a cursed ring of wizardry (on tentacle)
 y - a cursed ring of protection from magic (left front paw)
 G - an uncursed amulet of guardian spirit
 J - a +5 amulet of reflection
 N - an uncursed ring of fire
 S - a ring of stealth (on tentacle)
Wands
 m - a wand of acid (5/15)
 K - a wand of enslavement (6/24)
Scrolls
 e - 3 scrolls of noise {unknown}
 f - 3 scrolls of amnesia {unknown}
 g - 2 scrolls of enchant weapon
 j - 5 scrolls of immolation {unknown}
 r - 2 scrolls of magic mapping
 s - 2 scrolls of fear
 A - 7 scrolls of teleportation
 D - a scroll of brand weapon {unknown}
 E - 8 scrolls of identify
 F - a scroll of remove curse
 H - 2 scrolls of enchant armour {unknown}
 L - a scroll of recharging {unknown}
 O - a scroll of blinking {unknown}
Potions
 h - 2 potions of mutation
 i - a potion of flight {unknown}
 o - a potion of curing
 p - a potion of invisibility {unknown}
 q - 3 potions of agility
 u - 2 potions of might {unknown}
 w - 2 potions of haste {unknown}
 x - 3 potions of degeneration
 z - 2 potions of resistance {unknown}
 I - 3 potions of lignification {unknown}
 M - a potion of brilliance {unknown}
Books
 b - a book of Changes

   Spells                             Type                      Level
   a - Beastly Appendage              Transmutation                1
   b - Sticks to Snakes               Transmutation                2
   c - Spider Form                    Transmutation/Poison         3
   d - Ice Form                       Ice/Transmutation            4
   e - Blade Hands                    Transmutation                5
 d - a book of Callings

   Spells                             Type                      Level
   a - Summon Small Mammal            Summoning                    1
   b - Call Imp                       Summoning                    2
   c - Call Canine Familiar           Summoning                    3
   d - Summon Guardian Golem          Hexes/Summoning              3
   e - Summon Lightning Spire         Summoning/Air                4
   f - Summon Ice Beast               Ice/Summoning                4
Comestibles
 c - 6 bread rations
 k - 8 royal jellies
 n - 10 meat rations
 C - 10 fruits
 P - 3 chunks of flesh


   Skills:
 - Level 12.0 Fighting
 - Level 9.0 Dodging
 - Level 12.3 Unarmed Combat
 - Level 4.1 Spellcasting
 + Level 7.3 Transmutations
 - Level 3.1 Ice Magic
 - Level 3.4 Earth Magic
 - Level 3.0 Poison Magic


You had 8 spell levels left.
You knew the following spells:

 Your Spells              Type           Power        Failure   Level  Hunger
a - Beastly Appendage     Tmut           ###...       1%          1    #......
b - Spider Form           Tmut/Pois      ##........   3%          3    ###....
c - Ice Form              Ice/Tmut       ###.....     11%         4    #####..
d - Petrify               Tmut/Erth      ###.....     10%         4    #####..


Dungeon Overview and Level Annotations

Branches:
Dungeon (12/15)            Temple (1/1) D:4            Lair (3/6) D:10
    Orc (0/2) D:12
  Swamp: Lair:2-4    Shoals: Lair:2-4     Snake: Lair:2-4    Spider: Lair:2-4

Altars:
Ashenzari
Cheibriados
Dithmenos
Elyvilon
Fedhas
Gozag
Hepliaklqana
Kikubaaqudgha
Makhleb
Nemelex Xobeh
Okawaru
Qazlal
Ru
Sif Muna
Trog
Uskayaw
Vehumet
Xom
Yredelemnul
Zin
The Shining One
Beogh

Shops:
D:4 :

Annotations:
D:4 1 runed door
D:10 exclusion: downstairs
D:11 Bareth's ghost, journeyman MiBe
Lair:1 exclusions: crocodile and hydra, Harold


Innate Abilities, Weirdness & Mutations

You cannot wear most types of armour.
You are very stealthy in the water. (Stealth+)
You are amphibious.
You can wear up to eight rings at the same time.
((You can use your tentacles to constrict eight enemies at once.))
((Your skin changes colour to match your surroundings (Stealth+).))
((Your rubbery body absorbs attacks. (AC +1, EV +1)))


Message History

You punch the manticore! You freeze the manticore.
The manticore is severely wounded.
The manticore completely misses you. The manticore claws you!
The manticore closely misses you.
You punch the manticore! You freeze the manticore.
The manticore is almost dead.
The manticore barely misses you. The manticore claws you!
The manticore misses you.
You hit the manticore. You freeze the manticore.
You kill the manticore!
Two slime creatures merge to form a very large slime creature.
Okay, then.
As you read the scroll of teleportation, it crumbles to dust.
You feel strangely unstable. The very large slime creature hits you.
It was a potion of degeneration.
There was something very wrong with that liquid.
You feel weakened.
You feel dopey.
You feel clumsy.
The very large slime creature hits you!!!
Ouch! That really hurt!
You die...

, ...* * *
...,**,, ** **
#.# *, #.#,* ,
#.#.# , #.#.#..
* #†#.#.# *
#J#.#.#, , *
#Y#.#.# , ,
#.#.#.# ,, , **
#.#>#.# ***
#.#'#.# , *
#.....###### ,
#.............#*
#....########.#
#.....†.....#'##
#.....#####....#
*


You could see a very large slime creature.

Vanquished Creatures
  Josephine (D:12)
  Fannar (D:11)
  A hydra (Lair:2)
  A two-headed ogre (D:12)
  Urug (D:11)
  An oklob plant (D:10)
  An ugly thing (D:11)
  A manticore (D:12)
  A black mamba (Lair:3)
  A gargoyle (D:11)
  6 spiny frogs
  2 kobold demonologists
  A rime drake (Lair:1)
  4 komodo dragons
  A troll (D:11)
  5 hippogriffs
  The ghost of miragecloak the Insei, an amateur OpTm (D:3)
  2 wyverns (Lair:2)
  A vampire (D:12)
  5 wraiths
  A basilisk (Lair:1)
  A hog (D:6)
  21 yaks
  A human (D:7)
  8 water moccasins
  7 porcupines
  Duvessa (D:6)
  4 orc warriors
  2 black bears
  4 ice beasts
  A sky beast (D:11)
  8 ogres
  A phantom (D:8)
  2 wolves (Lair:2)
  9 crocodiles
  6 centaurs
  4 big kobolds
  12 bullfrogs
  Dowan (D:6)
  A water moccasin zombie (D:7)
  A scorpion (D:11)
  10 killer bees
  14 wights
  5 howler monkeys
  3 crimson imps
  2 bullfrog zombies
  4 jellies
  2 quasits
  3 orc priests
  6 hounds
  11 orc wizards
  Ijyb (D:4)
  An iguana (D:6)
  8 worker ants
  5 hound zombies
  A howler monkey zombie (D:8)
  Robin (D:3)
  4 gnolls (D:2)
  10 adders
  2 shadow imps
  An ooze (D:3)
  An adder zombie (D:7)
  2 adder skeletons
  6 worms
  3 dart slugs
  6 leopard geckos
  45 orcs
  13 bats
  9 giant cockroaches
  16 goblins
  10 hobgoblins
  4 jackals (D:1)
  5 quokkas
  3 ball pythons
  11 frilled lizards
  28 kobolds
  A leopard gecko zombie (D:8)
  2 quokka skeletons
  8 rats
  A plant (D:10)
402 creatures vanquished.

Vanquished Creatures (others)
  A black bear (D:10)
  A worker ant (D:10)
  A fungus (Lair:1)
3 creatures vanquished.

Grand Total: 405 creatures vanquished

Notes
Turn   | Place    | Note
-------+----------+-------------------------------------------
     0 | D:1      | miragecloak the Octopode Transmuter began the quest for the Orb.
     0 | D:1      | Reached XP level 1. HP: 13/13 MP: 3/3
   212 | D:1      | Reached XP level 2. HP: 15/18 MP: 3/5
   837 | D:1      | Reached XP level 3. HP: 20/23 MP: 4/6
   842 | D:1      | Learned a level 3 spell: Spider Form
  1014 | D:1      | Reached skill level 1 in Poison Magic
  1415 | D:2      | Reached XP level 4. HP: 23/28 MP: 3/7
  2412 | D:3      | Noticed miragecloak's ghost (amateur OpTm)
  2572 | D:2      | Reached XP level 5. HP: 26/33 MP: 4/8
  4648 | D:4      | Noticed an ogre
  4654 | D:4      | Noticed Robin
  4662 | D:4      | Reached XP level 6. HP: 36/38 MP: 6/9
  4694 | D:3      | Reached skill level 5 in Unarmed Combat
  4749 | D:3      | Killed Robin
  5083 | D:4      | Found a runed door.
  5164 | D:4      | Reached XP level 7. HP: 34/43 MP: 5/10
  5349 | D:4      | Found a staircase to the Ecumenical Temple.
  5433 | Temple   | Entered the Ecumenical Temple
  5539 | D:4      | Noticed Ijyb
  5682 | D:4      | Killed Ijyb
  5872 | D:4      | Found Yffycs Qudgh's Book Emporium.
  6522 | D:4      | Found a bloodstained altar of Trog.
  6720 | D:5      | Entered Level 5 of the Dungeon
  6904 | D:5      | Reached XP level 8. HP: 13/53 MP: 8/11
  7276 | D:5      | Found a stormy altar of Qazlal.
  7292 | D:5      | Found a hazy altar of Hepliaklqana.
  7294 | D:5      | Noticed a water elemental
  7307 | D:5      | Noticed an air elemental
  7394 | D:3      | Killed miragecloak's ghost
  7526 | D:5      | Reached skill level 5 in Fighting
  7797 | D:5      | Learned a level 4 spell: Ice Form
  7866 | D:5      | Reached skill level 1 in Ice Magic
  8121 | D:5      | Found a shattered altar of Ashenzari.
  8130 | D:5      | Became a worshipper of Ashenzari the Shackled
  8353 | D:6      | Found an iron altar of Okawaru.
  8353 | D:6      | Noticed Duvessa
  8353 | D:6      | Noticed Dowan
  8863 | D:6      | Reached XP level 9. HP: 53/61 MP: 10/13
  9747 | D:7      | Found an opulent altar of Gozag.
  9758 | D:7      | Found a radiant altar of Vehumet.
  9781 | D:7      | Reached skill level 5 in Transmutations
 11047 | D:6      | Killed Duvessa
 11463 | D:6      | Killed Dowan
 11856 | D:6      | Reached XP level 10. HP: 44/68 MP: 13/16
 12196 | D:8      | Reached skill level 5 in Dodging
 12542 | D:8      | Reached * piety under Ashenzari
 13751 | D:9      | Noticed a two-headed ogre
 14133 | D:10     | Entered Level 10 of the Dungeon
 14315 | D:10     | Noticed an oklob plant
 14317 | D:10     | Found a staircase to the Lair.
 14358 | D:10     | Killed an oklob plant
 14575 | D:10     | Reached skill level 10 in Unarmed Combat
 14913 | Lair:1   | Entered Level 1 of the Lair of Beasts
 14963 | Lair:1   | Noticed a seven-headed hydra
 15156 | Lair:1   | Reached XP level 11. HP: 78/78 MP: 13/17
 15308 | Lair:1   | Noticed Harold
 15617 | Lair:1   | Learned a level 4 spell: Petrify
 15638 | Lair:1   | Reached skill level 1 in Earth Magic
 16674 | D:11     | Noticed Bareth's ghost (journeyman MiBe)
 16975 | D:11     | Noticed Fannar
 17107 | D:11     | Noticed Urug
 17114 | D:11     | Killed Urug
 17114 | D:11     | Reached skill level 10 in Fighting
 17309 | D:11     | Found a snail-covered altar of Cheibriados.
 17865 | D:11     | Reached ** piety under Ashenzari
 17907 | D:11     | Killed Fannar
 18825 | D:11     | Noticed a purple ugly thing
 18837 | D:11     | Killed a purple ugly thing
 18995 | D:12     | Noticed a two-headed ogre
 19059 | D:12     | Reached XP level 12. HP: 87/87 MP: 16/18
 20009 | D:12     | Noticed Josephine
 20022 | D:12     | Killed Josephine
 20051 | D:12     | Noticed a two-headed ogre
 20059 | D:12     | Found a roughly hewn altar of Beogh.
 20061 | D:12     | Found a staircase to the Orcish Mines.
 21995 | Lair:2   | HP: 2/105 [wolf (10)]
 22852 | Lair:2   | Noticed a four-headed hydra
 22894 | Lair:2   | Killed a four-headed hydra
 23908 | Lair:3   | Noticed an eight-headed hydra
 24785 | Lair:2   | Noticed an eight-headed hydra
 24927 | D:12     | Killed a two-headed ogre
 24927 | D:12     | Reached XP level 13. HP: 77/97 MP: 15/19
 25228 | D:12     | Demolished by a very large slime creature

Skill      XL: |  1  2  3  4  5  6  7  8  9 10 11 12 13 |
---------------+----------------------------------------+-----
Transmutations | 3 4 6 7 |  7.3
Poison Magic   | 1 3 |  3.0
Unarmed Combat | 4 6 7 8 10 12 | 12.3
Fighting       | 3 5 6 8 10 12 | 12.0
Ice Magic      | 3 |  3.1
Spellcasting   | 3 4 |  4.1
Dodging        | 4 6 8 9 |  9.0
Earth Magic    | 3 |  3.4

Action                   |  1- 3 |  4- 6 |  7- 9 | 10-12 | 13-15 || total
-------------------------+-------+-------+-------+-------+-------++-------
Melee: Unarmed           |    91 |   223 |   263 |   620 |    25 ||  1222
       Kick              |     7 |       |       |       |       ||     7
       Constrict         |    13 |     7 |     5 |     1 |       ||    26
       Tentacles         |    10 |     6 |     4 |     2 |       ||    22
       Punch             |     1 |       |       |     1 |       ||     2
       Staff             |       |       |       |     5 |       ||     5
 Cast: Beastly Appendage |    12 |       |       |       |       ||    12
       Spider Form       |     8 |    42 |    50 |     4 |       ||   104
       Ice Form          |       |       |    13 |    96 |     2 ||   111
       Petrify           |       |       |       |     2 |       ||     2
Invok: Curse Item        |       |       |     1 |     1 |       ||     2
  Use: Potion            |       |       |     5 |     3 |     1 ||     9
       Scroll            |       |       |     7 |     4 |     1 ||    12
 Stab: Sleeping          |     2 |       |     3 |    11 |       ||    16
       Distracted        |       |       |     1 |       |     1 ||     2
  Eat: Bread ration      |     1 |     1 |     1 |     1 |       ||     4
       Chunk             |       |    11 |    34 |    57 |     2 ||   104
       Fruit             |       |     1 |       |       |       ||     1
Armor: Skin              |     8 |    21 |    34 |    70 |     4 ||   137
Dodge: Dodged            |    90 |   204 |   207 |   314 |    23 ||   838
